 Seeded DCSS version 0.28-a0-1236-gb25a51b929 (webtiles) character file.

Game seed: 1064 (custom seed)

296 a11behringer the Slasher (level 6, 0/48 HPs)
             Began as a Formicid Fighter on Dec 25, 2021.
             Was an Initiate of Okawaru.
             Slain by a kobold brigand (3 damage)
             ... in the Ecumenical Temple.
             The game lasted 00:07:03 (2775 turns).

a11behringer the Slasher (Formicid Fighter)         Turns: 2775, Time: 00:07:03

Health: 0/48       AC: 10    Str: 23    XL:     6   Next: 61%
Magic:  6/6        EV:  8    Int:  7    God:    Okawaru [......]
Gold:   146        SH:  4    Dex: 10    Spells: 5/5 levels left

rFire   . . .      SeeInvis +   a - +0 long sword
rCold   . . .      Faith    .   c - +0 buckler
rNeg    . . .      Spirit   .   v - +0 chain mail
rPois   .          Reflect  .   (helmet unavailable)
rElec   .          Harm     .   f - +0 cloak
rCorr   .          Rampage  .   (no gloves)
Will    .....                   (no boots)
Stlth   ..........              (no amulet)
HPRegen 0.16/turn               (no ring)
MPRegen 0.10/turn               (no ring)

@: no status effects
A: permanent stasis, dig shafts and tunnels, antennae 3, four strong arms
a: Dig, Renounce Religion


You were in the Ecumenical Temple.
You worshipped Okawaru.
Okawaru was noncommittal.
You visited 2 branches of the dungeon, and saw 5 of its levels.

You collected 146 gold pieces.

Inventory:

Hand Weapons
 a - a +0 long sword (weapon)
 g - a +0 hunting sling
Missiles
 l - 49 sling bullets
Armour
 b - a +0 scale mail
 c - a +0 buckler (worn)
 f - a +0 cloak (worn)
 v - a +0 chain mail (worn)
Scrolls
 e - a scroll of noise {unknown}
 j - 2 scrolls of identify {unknown}
 n - a scroll of torment {unknown}
 o - 2 scrolls of acquirement {unknown}
 q - 2 scrolls of enchant armour {unknown}
 r - a scroll of holy word {unknown}
 u - a scroll of brand weapon {unknown}
Potions
 d - 3 potions of might
 h - a potion of ambrosia {unknown}
 i - a potion of resistance {unknown}
 k - a potion of mutation {unknown}
 m - a potion of degeneration {unknown}
 p - a potion of curing {unknown}
 s - a potion of haste {unknown}
 t - a potion of brilliance {unknown}


   Skills:
 + Level 4.2 Fighting
 * Level 5.0 Long Blades
 + Level 4.0 Armour
 + Level 0.7 Dodging
 + Level 4.4 Shields


You had 5 spell levels left.
You didn't know any spells.
Your spell library contained the following spells:

 Spells                   Type           Power      Damage    Failure   Level
 Static Discharge         Conj/Air       0%         N/A       99%         2
 Dispel Undead            Necr           0%         3d6       100%        4
 Sticky Flame             Conj/Fire      0%         2d3       100%        4


Dungeon Overview and Level Annotations

Branches:
Dungeon (4/15)             Temple (1/1) D:4

Altars:
Ashenzari
Fedhas
Hepliaklqana
Kikubaaqudgha
Makhleb
Nemelex Xobeh
Okawaru
Ru
Sif Muna
Wu Jian
Xom
Zin
The Shining One


Innate Abilities, Weirdness & Mutations

You cannot be hasted, slowed, berserked, paralysed or teleported.
You can dig through walls and to a lower floor.
You have a pair of large antennae on your head. (SInv)
Your four strong arms can wield two-handed weapons with a shield.


Message History

You closely miss the kobold brigand.
The kobold brigand is lightly wounded.
The kobold brigand hits you with a +0 whip.
* * * LOW HITPOINT WARNING * * *
You closely miss the kobold brigand.
The kobold brigand is lightly wounded.
The kobold brigand hits you with a +0 whip.
* * * LOW HITPOINT WARNING * * *
The kobold brigand hits you with a +0 whip.
* * * LOW HITPOINT WARNING * * *
You closely miss the kobold brigand.
The kobold brigand is lightly wounded.
A necrophage comes into view.
The kobold brigand barely misses you.
You barely miss the kobold brigand.
The kobold brigand is lightly wounded.
You block the kobold brigand's attack.
You hit the kobold brigand.
The kobold brigand is moderately wounded.
The kobold brigand hits you with a +0 whip.
* * * LOW HITPOINT WARNING * * *
You slash the kobold brigand!
The kobold brigand is severely wounded.
The kobold brigand hits you but does no damage.
You completely miss the kobold brigand.
The kobold brigand is severely wounded.
The kobold brigand hits you with a +0 whip.
* * * LOW HITPOINT WARNING * * *
An iguana comes into view.
Things that are here:
a +0 club; a ball python corpse
There is a staircase to the Ecumenical Temple here.
The iguana hisses angrily.
The kobold brigand hits you but does no damage.
You climb downwards.
Welcome back to the Ecumenical Temple!
There is a staircase back to the Dungeon here.
You barely miss the kobold brigand.
The kobold brigand is severely wounded.
The kobold brigand hits you with a +0 whip.
You die...

♣♣♣.......
♣♣♣♣♣♣♣.P..P....
♣♣..........P....
♣..........P...P.
♣♣♣♣..PP....P...♣..
♣♣♣..................
♣♣......P.............
♣♣....K......♣♣♣P......
♣.....@..PP...♣♣.......
♣.P.......P........♣...
♣♣♣....................
♣♣♣♣♣....P....PPPP...
♣♣♣♣♣....PPPP♣♣♣♣
♣♣♣♣♣♣♣♣♣♣


You could see a kobold brigand.

Vanquished Creatures
  A black bear (D:3)
  A hound (D:4)
  An iguana (D:3)
  3 gnolls (D:4)
  3 adders
  2 worms (D:2)
  A dart slug (D:1)
  8 orcs
  7 ball pythons
  6 endoplasms
  A giant cockroach (D:1)
  10 goblins
  5 hobgoblins
  8 jackals
  4 kobolds
  2 quokkas
  3 bats
  2 frilled lizards (D:2)
  6 rats
74 creatures vanquished.

Notes
Turn   | Place    | Note
-------+----------+-------------------------------------------
     0 | D:1      | a11behringer the Formicid Fighter began the quest for the
                  | Orb.
     0 | D:1      | Reached XP level 1. HP: 18/18 MP: 1/1
   113 | D:1      | Reached XP level 2. HP: 18/24 MP: 2/2
   393 | D:1      | Reached XP level 3. HP: 30/30 MP: 3/3
   747 | D:2      | Reached skill level 3 in Long Blades
   751 | D:2      | Reached XP level 4. HP: 12/37 MP: 4/4
   984 | D:2      | Found a faded altar of an unknown god.
  1569 | D:3      | Reached XP level 5. HP: 14/42 MP: 5/5
  1813 | D:3      | Noticed a black bear
  1818 | D:3      | Killed a black bear
  1819 | D:3      | Reached skill level 4 in Long Blades
  1819 | D:3      | Reached XP level 6. HP: 46/48 MP: 6/6
  2018 | D:3      | Found a glowing silver altar of Zin.
  2557 | D:4      | Reached skill level 5 in Long Blades
  2570 | D:4      | Found a staircase to the Ecumenical Temple.
  2598 | Temple   | Entered the Ecumenical Temple
  2696 | Temple   | Became a worshipper of Warmaster Okawaru
  2765 | D:4      | Noticed a necrophage
  2769 | D:4      | HP: 2/48 [kobold brigand (4)]
  2775 | Temple   | Slain by a kobold brigand

Illustrated notes

Levels and vault maps discovered:
D:1:      lightli_arrival_windingriver, layout_rooms
D:2:      layout_basic, hellmonk_ecumenical_altar_crossroads,
          nicolae_elevator_lobby_asterisk
D:3:      layout_rooms, zin_treasury, grunt_decor_one_mirror, grunt_decor_cap,
          kennysheep_generic_room_16
D:4:      layout_loops_ring, temple_statues
Temple:   kilobyte_greek_temple

Skill      XL: |  1  2  3  4  5  6 |
---------------+-------------------+-----
Long Blades    | 3 4 5 |  5.0
Shields        | 4 |  4.4
Fighting       | 4 |  4.2
Armour         | 4 |  4.0
Dodging        | |  0.7

Action                   |  1- 3 |  4- 6 || total
-------------------------+-------+-------++-------
Melee: Long sword        |    93 |   140 ||   233
 Abil: Dig               |       |     1 ||     1
Armor: Scale mail        |    49 |    52 ||   101
       Chain mail        |       |    14 ||    14
Dodge: Dodged            |    46 |    72 ||   118
Block: Buckler           |    20 |    30 ||    50

Table legend: (Time is in decaauts)
 A = Elapsed time spent in this place.
 B = Non-inter-level travel time spent in this place.
 C = Inter-level travel time spent in this place.
 D = Time resting spent in this place.
 E = Time spent auto-exploring this place.
 F = Levels seen in this place.
 G = Mean time per level.
                   A        B        C        D        E       F      G
               +--------+--------+--------+--------+--------+-----+--------+
         Total |   2830 |   2613 |    217 |      0 |   2050 |   5 |  566.0 |
       Dungeon |   2700 |   2515 |    185 |      0 |   1956 |   4 |  675.0 |
        Temple |    130 |     98 |     32 |      0 |     94 |   1 |  130.0 |
               +--------+--------+--------+--------+--------+-----+--------+

Top non-repeatable levels by time:
     D:3: 937 daAuts
     D:2: 781 daAuts
     D:1: 696 daAuts
     D:4: 284 daAuts
  Temple: 130 daAuts
